 Dungeon Crawl Stone Soup version 0.31-a0-844-gdc52ec4e09 (webtiles) character file.

Game seed: 11678459579219377724

371 Shayle the Trooper (level 6, 0/49 HPs)
             Began as a Demonspawn Reaver on Sept 30, 2023.
             Was an Initiate of Kikubaaqudgha.
             Killed from afar by Blork the orc (8 damage)
             ... with a magic dart
             ... on level 4 of the Dungeon.
             The game lasted 00:05:13 (2899 turns).

Shayle the Trooper (Demonspawn Reaver)              Turns: 2899, Time: 00:05:14

Health: 0/49       AC:  5    Str: 13    XL:     6   Next: 42%
Magic:  11/11      EV: 11    Int: 16    God:    Kikubaaqudgha [......]
Gold:   127        SH:  0    Dex: 11    Spells: 11/12 levels left

rFire   . . .        a - +0 spear
rCold   . . .        (no shield)
rNeg    . . .        p - +0 troll leather armour {Pargi}
rPois   .            (no helmet)
rElec   .            (no cloak)
rCorr   .            (no gloves)
SInv    .            (no boots)
Will    .....        (no amulet)
Stlth   +            (no ring)
HPRegen 1.08/turn    (no ring)
MPRegen 0.12/turn

%: no passive effects
@: no status effects
A: icy blue scales 1, spiny 1, demonic magic 1
a: Renounce Religion


You were on level 4 of the Dungeon.
You worshipped Kikubaaqudgha.
Kikubaaqudgha was noncommittal.
You visited 1 branch of the dungeon, and saw 4 of its levels.
You also visited: Sewer.

You collected 127 gold pieces.

Inventory:

Hand Weapons
 a - a +0 spear (weapon)
Armour
 b - a +0 leather armour
 l - a +0 ring mail
 p - a +0 troll leather armour (worn) {Pargi}
Wands
 o - a wand of light (3)
Scrolls
 e - a scroll of fear {unknown}
 h - a scroll of summoning {unknown}
 i - 2 scrolls of fog
 j - a scroll of amnesia {unknown}
 m - a scroll of immolation {unknown}
 n - a scroll of enchant armour {unknown}
 r - a scroll of noise {unknown}
Potions
 c - a potion of invisibility
 f - a potion of magic
 g - a potion of brilliance
 k - 2 potions of curing
 q - 3 potions of berserk rage


   Skills:
 + Level 4.3 Fighting
 - Level 2.6 Polearms
 - Level 1.7 Dodging
 + Level 3.9 Spellcasting
 - Level 3.0 Conjurations
 + Level 3.8 Necromancy


You had 11 spell levels left.
You knew the following spells:

 Your Spells              Type           Power      Damage    Failure   Level
a - Kiss of Death         Conj/Necr      56%        2d9       5%          1

Your spell library contained the following spells:

 Spells                   Type           Power      Damage    Failure   Level
 Momentum Strike          Conj/Tloc      14%        3d8       19%         2
 Freeze                   Ice            12%        1d3       22%         1
 Summon Small Mammal      Summ           12%        N/A       22%         1
 Wereblood                Tmut           3%         N/A       32%         2
 Hailstorm                Conj/Ice       7%         3d4       34%         3
 Call Canine Familiar     Summ           3%         N/A       54%         3
 Frozen Ramparts          Ice            6%         1d1       54%         3
 Summon Guardian Golem    Hex/Summ       3%         N/A       54%         3
 Tukima's Dance           Hex            3%         N/A       54%         3
 Iskenderun's Mystic Bla  Conj/Tloc      7%         2d4       75%         4
 Dimensional Bullseye     Hex/Tloc       1%         N/A       91%         4
 Irradiate                Conj/Tmut      3%         3d12      97%         5


Dungeon Overview and Level Annotations

Branches:
Dungeon (4/15)             Temple (0/1) D:4           Sewer (visited)

Altars:
Kikubaaqudgha

Annotations:
D:4 Blork the orc


Innate Abilities, Weirdness & Mutations

You are partially covered in icy blue scales. (AC +2)
You are partially covered in sharp spines.
Spells you cast may paralyse adjacent enemies.


Message History

Blork the orc is lightly wounded.
Blork the orc hits you with a +0 mace. The orc closely misses you.
You closely miss Blork the orc.
Blork the orc is lightly wounded.
Blork the orc is struck by your spines. Blork the orc hits you with a +0 mace.
The orc is struck by your spines. The orc hits you with a +0 short sword.
Blork the orc is struck by your spines. Blork the orc barely misses you.
You hit Blork the orc.
You punch Blork the orc, but do no damage.
Blork the orc is heavily wounded.
Blork the orc barely misses you. The orc hits you with a +0 short sword.
Blork the orc closely misses you.
You closely miss Blork the orc.
Blork the orc is heavily wounded.
You hit the orc.
You kill the orc!
Kikubaaqudgha accepts your kill. Blork the orc closely misses you.
You hit Blork the orc.
Blork the orc is heavily wounded.
Blork the orc hits you with a +0 mace! Blork the orc hits you with a +0 mace.
You hit Blork the orc but do no damage.
Blork the orc is heavily wounded.
Blork the orc is struck by your spines. Blork the orc barely misses you.
You hit Blork the orc.
Blork the orc is severely wounded.
Blork the orc hits you with a +0 mace!
* * * LOW HITPOINT WARNING * * *
Blork the orc hits you with a +0 mace.
* * * LOW HITPOINT WARNING * * *
You feel better. Blork the orc hits you with a +0 mace.
* * * LOW HITPOINT WARNING * * *
You hit Blork the orc but do no damage.
Blork the orc is severely wounded.
Blork the orc is struck by your spines. Blork the orc hits you with a +0 mace.
* * * LOW HITPOINT WARNING * * *
Blork the orc points at you and mumbles some strange words.
The magic dart hits you!
You die...
Kikubaaqudgha rasps: "You have failed me!
Welcome... death!"

#.#.# #......#
#.#.# #......#
#.#.# #......#
#.#.. #......#
#.#.. #......#
#.##. #......#
#....
###......#
#####
#@)......#
#...
###o###....#
#.##
#.....#....#
#.##
#.⌠.⌠.#....#
#.#.
+..>..+......
..#.
#.⌠)⌠.########
###. #.....#
## ###'### #
#.# #


You could see Blork the orc (fast).

Vanquished Creatures
  Pargi (Sewer)
  A scorpion (D:4)
  3 vampire bats (D:3)
  An adder (D:3)
  4 worms
  An orc (D:4)
  5 ball pythons
  10 bats
  4 bat skeletons (D:3)
  3 bat zombies (D:3)
  7 endoplasms
  3 giant cockroaches
  11 goblins
  4 hobgoblins
  6 jackals (D:1)
  3 kobolds
  A quokka (D:4)
  2 frilled lizards (D:1)
  10 rats
80 creatures vanquished.

Notes
Turn   | Place    | Note
-------+----------+-------------------------------------------
     0 | D:1      | Shayle the Demonspawn Reaver began the quest for the Orb.
     0 | D:1      | Reached XP level 1. HP: 16/16 MP: 3/3
   163 | D:1      | Gained mutation: Spells you cast may paralyse adjacent
                  | enemies. [demonic ancestry]
   163 | D:1      | Reached XP level 2. HP: 7/22 MP: 5/5
   260 | D:1      | Reached skill level 1 in Necromancy
   603 | D:1      | Gained mutation: You are partially covered in icy blue
                  | scales. (AC +2) [demonic ancestry]
   603 | D:1      | Reached XP level 3. HP: 25/28 MP: 6/6
  1809 | D:3      | Reached skill level 3 in Fighting
  1910 | D:3      | Reached XP level 4. HP: 35/35 MP: 8/8
  2207 | D:3      | Found an ancient bone altar of Kikubaaqudgha.
  2245 | D:3      | Reached XP level 5. HP: 18/41 MP: 9/9
  2260 | D:3      | Became a worshipper of Kikubaaqudgha
  2537 | D:4      | Found a glowing drain.
  2559 | Sewer    | Entered a sewer
  2609 | Sewer    | Noticed Pargi
  2634 | Sewer    | Killed Pargi
  2635 | Sewer    | Reached skill level 4 in Fighting
  2635 | Sewer    | Gained mutation: You are partially covered in sharp spines.
                  | [demonic ancestry]
  2635 | Sewer    | Reached XP level 6. HP: 34/48 MP: 9/11
  2811 | D:4      | Identified the +1 mace "Canan" {flame, Str+3}
  2859 | D:4      | Found a staircase to the Ecumenical Temple.
  2870 | D:4      | Noticed Blork the orc
  2899 | D:4      | Killed from afar by Blork the orc

Illustrated notes

Levels and vault maps discovered:
D:1:      dpeg_arrival_concentric_ovals, layout_loops_ring, chequers_avenue
D:2:      layout_loops_ring
D:3:      layout_loops_ring, kennysheep_vampire_church,
          mainiacjoe_overflow_tiny_flanked, old_standard_altar,
          mainiacjoe_overflow_chevrons, grunt_ministairs_2
D:4:      layout_basic, mainiacjoe_overflow_concentric_impassable,
          minmay_temple_entry_hall, cheibrodos_sewer_entry_drain,
          uniq_blork_the_orc

Skill      XL: |  1  2  3  4  5 |
---------------+----------------+-----
Necromancy     | 1 2 3 |  3.8
Fighting       | 3 4 |  4.3
Spellcasting   | 3 |  3.9
Polearms       | |  2.6
Dodging        | |  1.7
Conjurations   | |  3.0

Action                     |  1- 3 |  4- 6 || total
---------------------------+-------+-------++-------
  Melee: Spear             |   209 |   180 ||   389
         Punch             |     2 |     3 ||     5
   Cast: Kiss of Death     |       |     1 ||     1
  Evoke: Wand              |       |     1 ||     1
    Use: Potion            |       |     2 ||     2
         Scroll            |       |     4 ||     4
   Stab: Paralysed         |       |     4 ||     4
         Invisible         |       |     2 ||     2
 Armour: Leather armour    |    72 |       ||    72
         Ring mail         |    18 |   152 ||   170
         Troll leather arm |       |    22 ||    22
  Dodge: Dodged            |    87 |   171 ||   258

Table legend: (Time is in decaauts)
 A = Elapsed time spent in this place.
 B = Non-inter-level travel time spent in this place.
 C = Inter-level travel time spent in this place.
 D = Time resting spent in this place.
 E = Time spent auto-exploring this place.
 F = Levels seen in this place.
 G = Mean time per level.
                   A        B        C        D        E       F      G
               +--------+--------+--------+--------+--------+-----+--------+
         Total |   2891 |   2811 |     80 |    192 |   1830 |   5 |  578.2 |
       Dungeon |   2750 |   2670 |     80 |    179 |   1810 |   4 |  687.5 |
         Sewer |    141 |    141 |      0 |     13 |     20 |   1 |  141.0 |
               +--------+--------+--------+--------+--------+-----+--------+

Top non-repeatable levels by time:
     D:1: 1116 daAuts
     D:2: 682 daAuts
     D:3: 668 daAuts
     D:4: 282 daAuts
   Sewer: 141 daAuts
